 Dungeon Crawl Stone Soup version 0.30-a0-354-g6b83867211 (webtiles) character file.

Game seed: 15348069207253300723

37 Iich the Chopper (level 3, -2/33 HPs)
             Began as a Minotaur Berserker on Nov 7, 2022.
             Was a Believer of Trog.
             Slain by a worm (10 damage)
             ... on level 2 of the Dungeon.
             The game lasted 00:01:42 (1012 turns).

Iich the Chopper (Minotaur Berserker)               Turns: 1012, Time: 00:01:43

Health: -2/33      AC:  2    Str: 23    XL:     3   Next: 21%
Magic:  2/2        EV: 12    Int:  4    God:    Trog [**....]
Gold:   140        SH:  0    Dex:  9    Spells: 2/2 levels left

rFire   . . .      SeeInvis .    a - +0 hand axe
rCold   . . .      Faith    .    (no shield)
rNeg    . . .      Spirit   .    b - +0 animal skin
rPois   .          Reflect  .    (helmet restricted)
rElec   .          Harm     .    (no cloak)
rCorr   .          Rampage  .    (no gloves)
Will    .....                    (no boots)
Stlth   +.........               (no amulet)
HPRegen 0.25/turn                (no ring)
MPRegen 0.08/turn                (no ring)

@: no status effects
A: horns 2, retaliatory headbutt
a: Renounce Religion, Berserk, Trog's Hand


You were on level 2 of the Dungeon.
You worshipped Trog.
Trog was pleased with you.
You visited 1 branch of the dungeon, and saw 2 of its levels.

You collected 140 gold pieces.

Inventory:

Hand Weapons
 a - a +0 hand axe (weapon)
 h - a +2 vorpal falchion
Armour
 b - a +0 animal skin (worn)
Jewellery
 f - a ring of ice
Scrolls
 d - 2 scrolls of enchant armour {unknown}
 e - 2 scrolls of identify {unknown}
 g - a scroll of noise {unknown}
 i - a scroll of silence {unknown}
 k - 2 scrolls of teleportation {unknown}
Potions
 c - 3 potions of ambrosia {unknown}
 j - a potion of attraction {unknown}
 l - a potion of berserk rage {unknown}
 m - a potion of flight {unknown}


   Skills:
 + Level 4.1 Fighting
 * Level 4.7 Axes
 + Level 2.5 Armour
 + Level 2.3 Dodging
 + Level 0.1 Stealth


You had 2 spell levels left.
You didn't know any spells.
Your spell library was empty.

Dungeon Overview and Level Annotations

Branches:
Dungeon (2/15)

Altars:


Innate Abilities, Weirdness & Mutations

You have a pair of horns on your head.
You reflexively headbutt those who attack you in melee.


Message History

Found 8 stones.
A worm and a hobgoblin come into view.
The hobgoblin shouts!
You see here a glowing sapphire potion.
There are monsters nearby!
There are monsters nearby!
You see here 8 stones.
You hit the worm but do no damage. You hit the worm but do no damage.
The worm closely misses you.
You barely miss the worm. The worm bites you.
You hit the worm. You punch the worm.
The worm is moderately wounded.
You hit the hobgoblin.
The hobgoblin hits you but does no damage.
You hit the worm.
The worm is heavily wounded.
You hit the hobgoblin. The worm bites you! The hobgoblin hits you.
You hit the worm. Your headbutt misses the worm.
The worm is severely wounded.
You hit the hobgoblin. The hobgoblin closely misses you. The worm bites you!
* * * LOW HITPOINT WARNING * * *
You are too injured to fight recklessly!
You are too injured to fight recklessly!
You are too injured to fight recklessly!
You are too injured to fight recklessly!
You are too injured to fight recklessly!
You are too injured to fight recklessly!
You are too injured to fight recklessly!
You are too injured to fight recklessly!
You are too injured to fight recklessly!
Unknown command.
You barely miss the hobgoblin. Your headbutt misses the hobgoblin.
The hobgoblin is almost dead.
You hit the worm but do no damage. The hobgoblin closely misses you.
You hit the worm.
The worm is severely wounded.
You hit the hobgoblin but do no damage.
The hobgoblin hits you but does no damage.
The worm bites you!
You die...

##### #.##########...# .
.............#.#######
..#..........^..........
....#.##.#####......###
#.##.##.# ######.# #
....#.# #.### #.w#.#
#.#.. #.@#.# #.#.#
#.g#.####### #.#.#
#..!........ #.#.#
.........######. #.#.#
##.###.### #.. #. #.#
#.# .. #.# #.# # #.# #.#
#.# # #.#


You could see a worm and a hobgoblin.

Vanquished Creatures
  A dart slug (D:2)
  2 endoplasms
  3 goblins (D:1)
  4 hobgoblins (D:1)
  3 jackals (D:1)
  2 quokkas (D:1)
  2 ball pythons (D:1)
  3 bats
  4 kobolds
  8 rats (D:1)
32 creatures vanquished.

Notes
Turn   | Place    | Note
-------+----------+-------------------------------------------
     0 | D:1      | Iich the Minotaur Berserker began the quest for the Orb.
     0 | D:1      | Reached XP level 1. HP: 19/19 MP: 0/0
   150 | D:1      | Reached XP level 2. HP: 22/27 MP: 1/1
   356 | D:1      | Reached ** piety under Trog
   503 | D:1      | Reached XP level 3. HP: 31/33 MP: 2/2
   623 | D:2      | Found a faded altar of an unknown god.
  1012 | D:2      | Slain by a worm

Illustrated notes

Levels and vault maps discovered:
D:1:      dpeg_arrival_rooms_c, layout_rooms
D:2:      layout_loops_ring, ebering_ecumenical_altar_webs, st_stairs_11,
          minmay_misc_feat_four_crosses, minmay_vboxes

Skill      XL: |  1  2 |
---------------+-------+-----
Axes           | 4 |  4.7
Fighting       | 4 |  4.1
Armour         | |  2.5
Dodging        | |  2.3
Stealth        | |  0.1

Action                   || total
-------------------------++-------
Melee: Hand axe          ||    64
       Headbutt          ||     5
       Punch             ||     1
Armor: Animal skin       ||    15
Dodge: Dodged            ||    44

Table legend: (Time is in decaauts)
 A = Elapsed time spent in this place.
 B = Non-inter-level travel time spent in this place.
 C = Inter-level travel time spent in this place.
 D = Time resting spent in this place.
 E = Time spent auto-exploring this place.
 F = Levels seen in this place.
 G = Mean time per level.
                   A        B        C        D        E       F      G
               +--------+--------+--------+--------+--------+-----+--------+
         Total |   1017 |   1007 |     10 |      0 |    829 |   2 |  508.5 |
       Dungeon |   1017 |   1007 |     10 |      0 |    829 |   2 |  508.5 |
               +--------+--------+--------+--------+--------+-----+--------+

Top non-repeatable levels by time:
     D:1: 617 daAuts
     D:2: 400 daAuts
